 Dungeon Crawl Stone Soup version 0.27-a0-732-ga892ba84f6 (webtiles) character file.

Game seed: 3454283772363398120

7 ShadowManNeo the Caller (level 1, 0/7 HPs)
             Began as a Felid Summoner on Mar 23, 2021.
             Slain by a ball python (1 damage)
             ... on level 1 of the Dungeon.
             The game lasted 00:02:07 (433 turns).

ShadowManNeo the Caller (Felid Summoner)             Turns: 433, Time: 00:02:10

Health: 0/7        AC:  1    Str:  4    XL:     1   Next: 83%
Magic:  0/4        EV: 14    Int: 16    God:
Gold:   0          SH:  0    Dex: 16    Spells: 3/4 levels left
                                        Lives:  0   Deaths: 0

rFire    . . .     SeeInvis +   (weapon unavailable)
rCold    . . .     Faith    .   (shield unavailable)
rNeg     . . .     Spirit   .   (armour unavailable)
rPois    .         Reflect  .   (helmet unavailable)
rElec    .         Harm     .   (cloak unavailable)
rCorr    .         Rampage  .   (gloves unavailable)
Will     .....                  (boots unavailable)
Stlth    +++.......             (no amulet)
HPRegen  0.02/turn              (no ring)
MPRegen  0.09/turn              (no ring)

@: constricted, quick
A: very small, claws 1, fangs 3, see invisible, speed 1, shaggy fur 1, stealthy
paws, no weapons or thrown items, no armour, multi-lived
a: no special abilities


You were on level 1 of the Dungeon.
You visited 1 branch of the dungeon, and saw 1 of its levels.

Inventory:

Scrolls
 a - a scroll of enchant armour {unknown}


   Skills:
 * Level 0.1 Fighting
 * Level 2.8 Dodging
 * Level 2.9 Stealth
 * Level 2.0 Spellcasting
 * Level 4.1 Summonings


You had 3 spell levels left.
You knew the following spells:

 Your Spells              Type           Power      Damage    Failure   Level
a - Summon Small Mammal   Summ           60%        N/A       3%          1

Your spell library contained the following spells:

 Spells                   Type           Power      Damage    Failure   Level
 Call Imp                 Summ           15%        N/A       5%          2
 Call Canine Familiar     Summ           15%        N/A       11%         3
 Summon Guardian Golem    Hex/Summ       8%         N/A       26%         3
 Summon Ice Beast         Ice/Summ       8%         N/A       65%         4
 Summon Lightning Spire   Summ/Air       8%         N/A       65%         4


Dungeon Overview and Level Annotations

Branches:
Dungeon (1/15)

Altars:


Innate Abilities, Weirdness & Mutations

You have sharp claws.
You have razor-sharp teeth.
You have supernaturally acute eyesight. (SInv)
You cover ground quickly. (Speed+)
You are covered in fur. (AC +1)
Your stealthy paws help you sneak and pounce on unaware monsters.
You are incapable of wielding weapons or throwing items.
You cannot wear armour.
You gain extra lives every three experience levels.


Message History

Your quokka's corpse disappears in a puff of smoke!
Your bat hits the kobold but does no damage.
The kobold throws a stone.
The stone barely misses your bat. The stone misses you.
Your bat hits the kobold but does no damage.
The kobold throws a stone.
The stone hits your bat.
Your bat misses the kobold. The kobold closely misses your bat.
Your bat hits the kobold but does no damage.
The kobold throws a stone.
The stone completely misses your bat. The stone barely misses you.
Your bat misses the kobold.
Your bat hits the kobold but does no damage.
The kobold hits your bat with a +0 short sword.
Your bat dies!
Your bat's corpse disappears in a puff of smoke!
Your quokka misses the kobold. The kobold closely misses your quokka.
Your quokka misses the kobold.
The kobold hits your quokka but does no damage.
Your quokka bites the kobold.
The kobold dies!
Your quokka misses the ball python.
The ball python barely misses your quokka.
The ball python grabs your quokka. The ball python constricts your quokka.
Your quokka closely misses the ball python.
The ball python bites your quokka. The ball python constricts your quokka.
Your quokka bites the ball python.
The ball python bites your quokka but does no damage.
The ball python constricts your quokka.
Your quokka dies!
Your quokka's corpse disappears in a puff of smoke!
The ball python closely misses you. The ball python misses you.
The ball python barely misses you. The ball python grabs you.
The ball python constricts you.
The ball python's grasp on you weakens, but your attempt to escape fails.
The hobgoblin hits you.
Ouch! That really hurt!
* * * LOW HITPOINT WARNING * * *
The ball python bites you.
* * * LOW HITPOINT WARNING * * *
You die...

... ..# #.#
#.# #g# #)#
#g######
#Sg....#
#####
#@####.#
#...# # #b#
##.#.###.#
#.#
...#.....#
#.#
.###.<.###
#.#
.#.....#
#.#
.#.###.#
#.# ####
.#. ..
#.####.#..#
.# ###
#.^....#..#


You could see 2 hobgoblins, a goblin, a ball python (ally target) and a friendly
bat (summoned).

Vanquished Creatures
  An ooze (D:1)
1 creature vanquished.

Vanquished Creatures (collateral kills)
  A dart slug (D:1)
  2 hobgoblins (D:1)
  A kobold (D:1)
  2 oozes (D:1)
  A frilled lizard (D:1)
7 creatures vanquished.

Grand Total: 8 creatures vanquished

Notes
Turn   | Place    | Note
-------+----------+-------------------------------------------
     0 | D:1      | ShadowManNeo the Felid Summoner began the quest for the
                  | Orb.
     0 | D:1      | Reached XP level 1. HP: 7/7 MP: 4/4
   433 | D:1      | Slain by a ball python

Illustrated notes

Levels and vault maps discovered:
D:1:      psy_arrival_radial02, layout_basic, amethyst_killhole

Action                   || total
-------------------------++-------
Melee: Unarmed           ||     2
 Cast: Summon Small Mamm ||    19
Dodge: Dodged            ||     6

Table legend: (Time is in decaauts)
 A = Elapsed time spent in this place.
 B = Non-inter-level travel time spent in this place.
 C = Inter-level travel time spent in this place.
 D = Time resting spent in this place.
 E = Time spent auto-exploring this place.
 F = Levels seen in this place.
 G = Mean time per level.
                   A        B        C        D        E       F      G
               +--------+--------+--------+--------+--------+-----+--------+
         Total |    414 |    414 |      0 |     38 |    283 |   1 |  414.0 |
       Dungeon |    414 |    414 |      0 |     38 |    283 |   1 |  414.0 |
               +--------+--------+--------+--------+--------+-----+--------+

Top non-repeatable levels by time:
     D:1: 414 daAuts
